 Dungeon Crawl Stone Soup version 0.26.1-11-gd32895ea62 (webtiles) character file.

Game seed: 755261781524222309

53 infcreate the Skirmisher (level 4, -3/52 HPs)
             Began as a Human Berserker on May 22, 2021.
             Was a Follower of Trog.
             Slain by a gnoll
             ... wielding a +0 club
              (9 damage)
             ... on level 2 of the Dungeon.
             The game lasted 00:05:00 (1838 turns).

infcreate the Skirmisher (Human Berserker)          Turns: 1838, Time: 00:05:00

Health: -3/52      AC:  2    Str: 18    XL:     4   Next: 10%
Magic:  4/4        EV: 13    Int:  7    God:    Trog [*.....]
Gold:   53         SH:  0    Dex: 13    Spells: 3/3 levels left

rFire    . . .     SeeInvis .   a - +0 falchion
rCold    . . .     Faith    .   (no shield)
rNeg     . . .     Spirit   .   b - +0 animal skin
rPois    .         Reflect  .   (no helmet)
rElec    .         Harm     .   (no cloak)
rCorr    .         Rampage  .   (no gloves)
Will     .....                  (no boots)
Stlth    ..........             (no amulet)
HPRegen  0.17/turn              (no ring)
MPRegen  0.09/turn              (no ring)

@: berserking, very quick
A: no striking features
a: Renounce Religion, Berserk


You were on level 2 of the Dungeon.
You worshipped Trog.
Trog was aware of your devotion.
You visited 1 branch of the dungeon, and saw 2 of its levels.

You collected 53 gold pieces.


   Skills:
 + Level 3.5 Fighting
 + Level 3.4 Long Blades
 + Level 2.5 Armour
 + Level 2.6 Dodging


You had 3 spell levels left.
You didn't know any spells.
Your spell library was empty.

Inventory:

Hand Weapons
 a - a +0 falchion (weapon)
Missiles
 c - 18 bolts
Armour
 b - a +0 animal skin (worn)
Scrolls
 d - a scroll of enchant armour {unknown}
 e - 2 scrolls of blinking {unknown}
 f - a scroll of enchant weapon {unknown}
 g - a scroll of remove curse {unknown}
 h - a scroll of identify {unknown}

Dungeon Overview and Level Annotations

Branches:
Dungeon (2/15)

Altars:

#. ..# #.##..###
#....... # #.....##
#. ..<...###
#.####........
#####.............
........##g########
#######.##@........
... #.##.########
.. #.##.#.....# .g
#.##.###.#.######.
#.#....#.#....<#g.
#.####.#)#######g#
#..............#.#
#####.##.......#.#
#....รท......#.#


You could see a gnoll.


Message History

You hit the gnoll.
You kill the gnoll!
Trog accepts your kill.
You have reached level 4!
You feel agile.
You start resting.
HP restored.
Things that are here:
a +0 spear; a gnoll corpse Search for what [Enter for "armor", or ? for help]?
A gnoll is nearby!
There is a stone staircase leading up here.
The gnoll hits you with a +0 club.
There is a stone staircase leading up here.
You hit the gnoll but do no damage. The gnoll completely misses you.
You riposte.
You closely miss the gnoll. You barely miss the gnoll.
The gnoll hits you with a +0 club!
You barely miss the gnoll. The gnoll completely misses you.
You completely miss the gnoll. The gnoll hits you with a +0 club.
You closely miss the gnoll. The gnoll hits you with a +0 club!
* * * LOW HITPOINT WARNING * * *
You hit the gnoll but do no damage. The gnoll hits you with a +0 club.
* * * LOW HITPOINT WARNING * * *
Use which ability? (? or * to list)
A red film seems to cover your vision as you go berserk!
You feel yourself moving faster!
You feel mighty! The gnoll hits you with a +0 club.
* * * LOW HITPOINT WARNING * * *
You barely miss the gnoll. The gnoll hits you with a +0 club!
You die...

Action                   |  1- 3 |  4- 6 || total
-------------------------+-------+-------++-------
Melee: Falchion          |    94 |     7 ||   101
Invok: Berserk           |     2 |     1 ||     3
Armor: Animal skin       |    17 |       ||    17
Dodge: Dodged            |    64 |     2 ||    66
       Rpst.: Falchion   |    24 |     1 ||    25

Levels and vault maps discovered:
D:1:      dpeg_arrival_stonehenge_12_columns, layout_basic,
          hangedman_decor_peaks_small
D:2:      layout_basic

Notes
Turn   | Place    | Note
-------+----------+-------------------------------------------
     0 | D:1      | infcreate the Human Berserker began the quest for the Orb.
     0 | D:1      | Reached XP level 1. HP: 18/18 MP: 1/1
   116 | D:1      | Reached XP level 2. HP: 14/24 MP: 2/2
   848 | D:1      | Reached XP level 3. HP: 20/29 MP: 3/3
  1817 | D:2      | Reached XP level 4. HP: 34/35 MP: 4/4
  1838 | D:2      | Slain by a gnoll

Vanquished Creatures
  2 gnolls
  A dart slug (D:1)
  3 bats
  A giant cockroach (D:1)
  7 hobgoblins (D:1)
  8 jackals (D:1)
  A quokka (D:2)
  2 goblins (D:1)
  2 kobolds (D:1)
  2 rats (D:1)
29 creatures vanquished.

Table legend: (Time is in decaauts)
 A = Elapsed time spent in this place.
 B = Non-inter-level travel time spent in this place.
 C = Inter-level travel time spent in this place.
 D = Time resting spent in this place.
 E = Time spent auto-exploring this place.
 F = Levels seen in this place.
 G = Mean time per level.
                   A        B        C        D        E       F      G
               +--------+--------+--------+--------+--------+-----+--------+
         Total |   1874 |   1622 |    252 |    816 |      0 |   2 |  937.0 |
       Dungeon |   1874 |   1622 |    252 |    816 |      0 |   2 |  937.0 |
               +--------+--------+--------+--------+--------+-----+--------+

Top non-repeatable levels by time:
     D:1: 1596 daAuts
     D:2: 277 daAuts

Table legend:
 A = Non-vault XP
 B = Vault XP
 C = Vault XP percentage of total XP
 D = Non-vault monster count
 E = Vault monster count
 F = Vault count percentage of total count
                 A         B        C        D         E       F
            +---------+---------+-------+---------+---------+-------
      Total |      76 |       0 |   0.0 |      29 |       0 |   0.0
            +---------+---------+-------+---------+---------+-------
        D:1 |      59 |       0 |   0.0 |      26 |       0 |   0.0
        D:2 |      17 |       0 |   0.0 |       3 |       0 |   0.0
            +---------+---------+-------+---------+---------+-------
